 Dungeon Crawl Stone Soup version 0.20-a0-1114-g33edf32 (webtiles) character file.

19684 Ijustatesigmund the Basher (level 12, -6/80 HPs)
             Began as a Gargoyle Fighter on May 5, 2017.
             Was a High Priest of Cheibriados.
             Mangled by a komodo dragon (glowing shapeshifter) (17 damage)
             ... on level 12 of the Dungeon on May 6, 2017.
             The game lasted 00:30:21 (9425 turns).

Ijustatesigmund the Basher (Gargoyle Fighter)       Turns: 9425, Time: 00:30:22

Health: -6/80      AC: 25    Str: 35    XL:     12   Next: 71%
Magic:  16/21      EV: 12    Int: 24    God:    Cheibriados [*****.]
Gold:   277        SH: 17    Dex: 26    Spells: 11/11 levels left

rFire    . . .     SeeInvis +   M - +7 eveningstar (drain)
rCold    . . .     Gourm    .   c - +1 shield
rNeg     + + .     Faith    .   G - +1 scale mail "Ubri Kai" {rN+ MR+ Stlth+}
rPois    ∞         Spirit   .   u - +2 hat
rElec    +         Reflect  +   C - +1 cloak
rCorr    .         Harm     .   x - +1 pair of gloves
MR       .....                  j - +1 pair of boots
Stlth    +++.......             a - +4 amulet of reflection
Regen    0.3/turn               A - ring of see invisible
MPRegen  0.2/turn               y - ring of stealth

@: vulnerable, very slow
A: negative energy resistance 1, electricity resistance, unbreathing,
petrification resistance, rot immunity, AC +8
a: Bend Time, Temporal Distortion, Slouch, Step From Time, Renounce Religion


You were on level 12 of the Dungeon.
You worshipped Cheibriados.
Cheibriados was extremely pleased with you.
You were hungry.

You visited 2 branches of the dungeon, and saw 13 of its levels.
You also visited: Ossuary.

You collected 722 gold pieces.
You spent 445 gold pieces at shops.

Inventory:

Hand Weapons
 B - a +2 mace of protection
 M - a +7 eveningstar of draining (weapon)
Missiles
 J - 14 javelins (quivered)
 S - 3 steel javelins
Armour
 c - a +1 shield (worn)
 j - a +1 pair of boots (worn)
 u - a +2 hat (worn)
 x - a +1 pair of gloves (worn)
 C - a +1 cloak (worn)
 G - the +1 scale mail "Ubri Kai" (worn) {rN+ MR+ Stlth+}
   (You bought it in a shop on level 7 of the Dungeon)

   It protects you from negative energy.
   It affects your resistance to hostile enchantments.
   It makes you more stealthy.
 R - a +3 ring mail
Jewellery
 a - a +4 amulet of reflection (around neck)
 q - an uncursed ring of ice
 t - an uncursed amulet of regeneration
 y - a ring of stealth (right hand)
 A - a ring of see invisible (left hand)
 F - an uncursed ring of ice
 L - an uncursed amulet of guardian spirit
Wands
 m - a wand of acid (12/15)
 N - a wand of disintegration (16/24)
 O - a wand of polymorph (5/24)
 Q - a wand of lightning (2/15)
Scrolls
 e - 2 scrolls of teleportation
 k - 6 scrolls of remove curse
 n - a scroll of enchant armour
 o - 6 scrolls of identify
 r - a scroll of immolation
 v - 3 scrolls of recharging
 w - a scroll of fear
 P - a scroll of fog
 U - a scroll of magic mapping
Potions
 b - a potion of brilliance
 d - 3 potions of might
 l - 3 potions of curing
 p - 3 potions of magic
 s - 6 potions of flight
 z - a potion of invisibility
 D - 2 potions of resistance
 E - 2 potions of agility
 H - 3 potions of lignification
Books
 I - a book of Callings

   Spells                             Type                      Level
   a - Summon Small Mammal            Summoning                    1
   b - Call Imp                       Summoning                    2
   c - Call Canine Familiar           Summoning                    3
   d - Summon Guardian Golem          Hexes/Summoning              3
   e - Summon Lightning Spire         Summoning/Air                4
   f - Summon Ice Beast               Ice/Summoning                4
 K - a book of Maledictions

   Spells                             Type                      Level
   a - Corona                         Hexes                        1
   b - Ensorcelled Hibernation        Hexes/Ice                    2
   c - Confuse                        Hexes                        3
   d - Tukima's Dance                 Hexes                        3
   e - Dazzling Spray                 Conjuration/Hexes            3
Comestibles
 f - 4 bread rations
 g - 6 meat rations
 h - 8 royal jellies
 i - 7 fruits


   Skills:
 + Level 11.1 Fighting
 + Level 13.3 Maces & Flails
 - Level 3.2 Armour
 - Level 3.9 Dodging
 - Level 3.2 Shields
 + Level 12.0 Invocations


You had 11 spell levels left.
You didn't know any spells.

Dungeon Overview and Level Annotations

Branches:
Dungeon (12/15)            Temple (1/1) D:5            Lair (0/6) D:9
    Orc (0/2) D:12

Altars:
Cheibriados
Dithmenos
Elyvilon
Fedhas
Gozag
Hepliaklqana
Kikubaaqudgha
Makhleb
Nemelex Xobeh
Okawaru
Qazlal
Ru
Trog
Uskayaw
Xom
Zin

Shops:
D:4 =}   D:5 =   D:7 [


Innate Abilities, Weirdness & Mutations

You are resistant to torment.
Your stone body is resilient. (AC +8)
You are immune to poison.
You resist negative energy. (rN+)
You are resistant to electric shocks. (rElec)
You can survive without breathing.
You are immune to petrification.
You are immune to rotting.


Message History

You block the cyclops's attack. The komodo dragon barely misses you.
Your shield prevents you from hitting the cyclops.
The cyclops is almost dead.
The cyclops hits you!
* * * LOW HITPOINT WARNING * * *
You sock the cyclops!
You kill the cyclops!
Cheibriados appreciates the change of pace.
You block the komodo dragon's attack.
You barely miss the komodo dragon.
The komodo dragon is heavily wounded.
You block the komodo dragon's attack.
You barely miss the komodo dragon.
The komodo dragon is heavily wounded.
The komodo dragon bites you!
* * * LOW HITPOINT WARNING * * *
You closely miss the komodo dragon.
The komodo dragon is heavily wounded.
The komodo dragon bites you!
You die...

......## ###
.......##.....#
........##.....#
.........##.....##
..........##.....##
...##########.....#+
...##.......##..(..##
...'.........##l(..(##
...##.........##@....#
...########....'#.....#
..........##....##.....#
....)....####....##.....
........## +#(...##....
#......## ##....##...
#.....## ###...###..
#....## ##.#...#.##.
#....## ##(.#...#..##


You could see a komodo dragon shaped shifter.

Vanquished Creatures
  Josephine (D:11)
  A hydra (D:11)
  Erolcha (D:11)
  Erica (D:11)
  A centaur warrior (D:12)
  2 two-headed ogres
  The ghost of Ijustatesigmund the Timeless, a journeyman GrFi of Cheibriados (D:11)
  Urug (D:10)
  A skeletal warrior (D:12)
  Pikel (D:8)
  A phantasmal warrior (D:12)
  A deep elf mage (D:10)
  An ugly thing (D:10)
  2 cyclopes
  Joseph (D:8)
  Maurice (D:10)
  2 komodo dragons
  A rime drake (shapeshifter) (D:12)
  2 trolls
  2 hornets
  A slime creature (D:12)
  2 hippogriffs
  3 wraiths (D:11)
  A shadow (D:11)
  A wyvern (D:10)
  A human (D:10)
  10 yaks
  Grum (D:8)
  Duvessa (D:4)
  4 ice beasts
  A sky beast (D:7)
  An eye of draining (D:10)
  A slave (D:8)
  A necrophage (D:10)
  3 orc warriors
  2 black bears
  2 phantoms
  3 ogres
  5 wolves
  A crocodile (D:9)
  2 centaurs
  3 big kobolds
  2 bullfrogs
  A gnoll sergeant (D:8)
  Dowan (D:4)
  2 wyvern skeletons
  A scorpion (D:8)
  6 killer bees
  An electric eel (D:9)
  3 crimson imps
  A human zombie (Ossuary)
  2 jellies (D:8)
  Crazy Yiuf (D:3)
  4 orc priests
  3 centaur skeletons
  9 hounds
  13 orc wizards
  2 bullfrog skeletons
  2 iguanas
  12 worker ants
  A big kobold zombie (Ossuary)
  A hound skeleton (D:7)
  3 mummies (Ossuary)
  7 gnolls
  7 adders
  3 shadow imps
  2 oozes
  6 adder zombies
  2 dart slugs
  5 leopard geckos
  19 orcs
  4 giant cockroaches
  5 goblins
  14 hobgoblins
  5 quokkas
  2 ball pythons
  9 bats
  7 frilled lizards
  2 goblin zombies (Ossuary)
  4 hobgoblin zombies (Ossuary)
  A jackal skeleton (D:6)
  23 kobolds
  A kobold zombie (Ossuary)
  A leopard gecko skeleton (D:5)
  A quokka skeleton (D:4)
  A quokka zombie (Ossuary)
  7 rats
  3 rat zombies (Ossuary)
287 creatures vanquished.

Vanquished Creatures (others)
  Sonja (D:10)
  2 slaves (D:8)
  A centaur (D:8)
  A kobold (D:7)
5 creatures vanquished.

Grand Total: 292 creatures vanquished

Notes
Turn   | Place    | Note
-------+----------+-------------------------------------------
     0 | D:1      | Ijustatesigmund the Gargoyle Fighter began the quest for the Orb.
     0 | D:1      | Reached XP level 1. HP: 14/14 MP: 1/1
    75 | D:1      | Reached XP level 2. HP: 19/19 MP: 2/2
   236 | D:1      | Reached skill level 3 in Maces & Flails
   318 | D:1      | Reached XP level 3. HP: 22/23 MP: 3/3
   728 | D:2      | Reached XP level 4. HP: 28/29 MP: 4/4
  1443 | D:3      | Found a burning altar of Makhleb.
  1531 | D:3      | Found a runed door.
  1536 | D:3      | Noticed Crazy Yiuf
  1540 | D:3      | Killed Crazy Yiuf
  1540 | D:3      | Reached skill level 4 in Maces & Flails
  1829 | D:4      | Reached XP level 5. HP: 34/34 MP: 5/5
  2120 | D:4      | Found Wan Uvvo's Gadget Boutique.
  2259 | D:4      | Noticed Duvessa
  2260 | D:4      | Noticed Dowan
  2278 | D:4      | Killed Duvessa
  2278 | D:4      | Reached skill level 5 in Fighting
  2278 | D:4      | Reached skill level 5 in Maces & Flails
  2278 | D:4      | Reached XP level 6. HP: 38/40 MP: 6/6
  2285 | D:4      | Killed Dowan
  2334 | D:4      | Found Oddel's Jewellery Shoppe.
  2431 | D:4      | Noticed an ice beast
  2452 | D:4      | Killed an ice beast
  2452 | D:4      | Reached skill level 6 in Maces & Flails
  2452 | D:4      | Reached XP level 7. HP: 44/44 MP: 7/7
  2587 | D:4      | Found a sparkling altar of Nemelex Xobeh.
  2589 | D:4      | Found a hide-covered altar of Uskayaw.
  2845 | D:5      | Entered Level 5 of the Dungeon
  2899 | D:5      | Found a staircase to the Ecumenical Temple.
  2910 | Temple   | Entered the Ecumenical Temple
  2927 | Temple   | Became a worshipper of Cheibriados the Contemplative
  3145 | D:5      | Found Sugh's Jewellery Emporium.
  3197 | D:5      | Reached skill level 1 in Dodging
  3782 | D:6      | Got a faintly glowing leather armour
  3799 | D:6      | Identified the +3 leather armour of the Kangaroo {rPois rC+ Int-3} (You found it on level 6 of the Dungeon)
  3877 | D:6      | Found a glowing silver altar of Zin.
  3916 | D:6      | Found a bloodstained altar of Trog.
  4034 | D:6      | Reached * piety under Cheibriados
  4111 | D:6      | Reached XP level 8. HP: 21/52 MP: 8/8
  4306 | D:6      | Found a hazy altar of Hepliaklqana.
  4393 | D:8      | Reached skill level 7 in Maces & Flails
  4473 | D:8      | Found a sand-covered staircase.
  4483 | Ossuary  | Entered an ossuary
  4680 | Ossuary  | Identified a scroll of acquirement
  4754 | D:8      | Reached ** piety under Cheibriados
  4765 | D:8      | Noticed Pikel
  4807 | D:8      | Killed Pikel
  4807 | D:8      | Reached skill level 8 in Maces & Flails
  4807 | D:8      | Reached XP level 9. HP: 53/58 MP: 9/9
  4834 | D:8      | Reached skill level 1 in Invocations
  4909 | D:8      | Noticed Grum
  4925 | D:8      | Killed Grum
  4983 | D:8      | Noticed a two-headed ogre
  4992 | D:8      | Killed a two-headed ogre
  4992 | D:8      | Reached skill level 9 in Maces & Flails
  4992 | D:8      | Reached skill level 5 in Invocations
  5022 | D:8      | Noticed Joseph
  5039 | D:8      | Killed Joseph
  5039 | D:8      | Reached XP level 10. HP: 49/64 MP: 14/14
  5111 | D:8      | Reached skill level 10 in Maces & Flails
  5241 | D:8      | Reached *** piety under Cheibriados
  5793 | D:7      | Found a shadowy altar of Dithmenos.
  5883 | D:7      | Found Saziyd's Antique Armour Emporium.
  5886 | D:7      | Reached **** piety under Cheibriados
  5889 | D:7      | Bought a pair of glowing gloves for 202 gold pieces
  5889 | D:7      | Bought a pitted scale mail for 243 gold pieces
  5911 | D:7      | Identified the +1 scale mail "Ubri Kai" {rN+ MR+ Stlth+} (You bought it in a shop on level 7 of the Dungeon)
  6176 | D:9      | Found a stormy altar of Qazlal.
  6204 | D:9      | Reached skill level 11 in Maces & Flails
  6377 | D:9      | Found a staircase to the Lair.
  6441 | D:9      | Reached ***** piety under Cheibriados
  6583 | D:9      | Found a white marble altar of Elyvilon.
  6653 | D:10     | Entered Level 10 of the Dungeon
  6686 | D:10     | Noticed Sonja
  6693 | D:10     | Killed Sonja
  6693 | D:10     | Reached XP level 11. HP: 68/68 MP: 17/17
  6738 | D:10     | Noticed a deep elf mage
  6761 | D:10     | Killed a deep elf mage
  7060 | D:10     | Noticed Maurice
  7072 | D:10     | Killed Maurice
  7679 | D:10     | Noticed a cyclops
  7683 | D:10     | Killed a cyclops
  7847 | D:10     | Reached skill level 10 in Invocations
  7887 | D:11     | Noticed Urug
  7904 | D:10     | Killed Urug
  7904 | D:10     | Reached skill level 12 in Maces & Flails
  7904 | D:10     | HP: 1/69 [komodo dragon (16)]
  8269 | D:11     | Noticed Josephine
  8280 | D:11     | Killed Josephine
  8319 | D:11     | Noticed a seven-headed hydra
  8332 | D:10     | Noticed a white ugly thing
  8336 | D:10     | Killed a white ugly thing
  8399 | D:10     | Upgraded the game from 0.20-a0-1109-ge3cd172 to 0.20-a0-1114-g33edf32
  8562 | D:11     | Noticed Ijustatesigmund's ghost (journeyman GrFi)
  8564 | D:11     | Noticed Erolcha
  8586 | D:11     | Noticed Erica
  8601 | D:11     | Killed Erolcha
  8612 | D:11     | Killed Ijustatesigmund's ghost
  8612 | D:11     | Reached XP level 12. HP: 50/77 MP: 20/20
  8620 | D:11     | Killed Erica
  8620 | D:11     | Reached skill level 10 in Fighting
  8978 | D:11     | Killed a seven-headed hydra
  9209 | D:12     | Reached skill level 13 in Maces & Flails
  9317 | D:12     | Got a steaming great mace
  9323 | D:12     | Identified the cursed +2 great mace "Axisham" {crush, Str+3 Dex+6} (You found it on level 12 of the Dungeon)
  9337 | D:12     | Found a staircase to the Orcish Mines.
  9388 | D:12     | Noticed a centaur warrior
  9394 | D:12     | Noticed a two-headed ogre
  9403 | D:12     | Reached ****** piety under Cheibriados
  9406 | D:12     | Killed a two-headed ogre
  9416 | D:12     | Killed a centaur warrior
  9425 | D:12     | Mangled by a komodo dragon (glowing shapeshifter)

Vault maps used:
D:1:      dpeg_arrival_shrine
D:3:      lemuel_crystal_altar, first_bread, uniq_crazy_yiuf_cottage
D:4:      wad_lake_hut, nicolae_overflow_hidden_temple, serial_shops,
          nicolae_shop_stone, nicolae_shop_competitors_out_of_business,
          uniq_duvessa
D:5:      minmay_temple_entry_glassed_door, serial_shops, nicolae_shop_trees
D:6:      hangedman_feature_mirror, serial_bayou_pond_e, bloody_trog
D:7:      grunt_dithmenos_smoke, serial_shops, nicolae_shop_window_shopping,
          serial_glass, glass_columns_b, glass_columns_a, glass_columns_b,
          glass_columns_a
D:8:      enter_ossuary_1, grunt_decor_mini_mirrors, minivault_19, uniq_joseph,
          uniq_grum, uniq_pikel
D:9:      nicolae_qazlal_general_emergency, kennysheep_mini_moat,
          erik_lair_island
D:10:     hangedman_stone_soup, uniq_maurice, uniq_sonja
D:11:     uniq_josephine, uniq_erica, uniq_urug, uniq_erolcha
D:12:     minmay_octo_star, trove_entry_hex_spiral
Temple:   eino_temple_scatter_basement
Ossuary:  ossuary_minmay_chase

Skill      XL: |  1  2  3  4  5  6  7  8  9 10 11 12 |
---------------+-------------------------------------+-----
Maces & Flails | 3 4 5 6 8 9 11 12 13 | 13.3
Fighting       | 4 5 6 7 9 11 | 11.1
Dodging        | 2 3 |  3.9
Invocations    | 6 9 11 12 | 12.0
Armour         | |  3.2
Shields        | |  3.2

Action                   |  1- 3 |  4- 6 |  7- 9 | 10-12 || total
-------------------------+-------+-------+-------+-------++-------
Melee: Flail             |   116 |    49 |       |       ||   165
       Mace              |       |    96 |   243 |       ||   339
       Eveningstar       |       |       |    96 |   466 ||   562
Throw: Javelin           |       |       |     2 |     3 ||     5
Invok: Slouch            |       |       |       |     1 ||     1
Evoke: Wand              |       |       |     1 |       ||     1
  Use: Scroll            |       |    10 |    14 |    14 ||    38
       Potion            |       |     3 |     2 |     2 ||     7
 Stab: Invisible         |       |       |       |     1 ||     1
       Sleeping          |       |       |       |     4 ||     4
  Eat: Chunk             |       |     4 |     5 |     6 ||    15
       Fruit             |       |     3 |     4 |       ||     7
Armor: Scale mail        |    68 |     8 |       |   129 ||   205
       Ring mail         |       |    68 |    18 |    30 ||   116
       Leather armour    |       |       |    96 |       ||    96
Dodge: Dodged            |    49 |    39 |   115 |   133 ||   336
Block: Shield            |    61 |    72 |   265 |   363 ||   761
       Reflection        |       |     1 |     7 |    18 ||    26
